AoeStats
← Sarcoptes scabiei

Hill Fort

506968273Analyzed
3v3 RM · 15d ago on Sep 16, 2026· 47m 25s· 6 players
Game mode
Random Map
Map size
Normal (6 player)
Population
200
Speed
Normal
Resources
Standard
Victory
Conquest
Starting age
Dark Age
Ending age
Imperial Age
RankedLock teamsTeams togetherTeam positionsShared explorationLock speedFull tech treeHidden civsTurbo modeCheats
Victory
Defeat
🇨🇴 Wei · Colombia
1058
+15
🇵🇪 Turks · Peru
1049
+15
🇨🇴 Goths · Colombia
1038
+16
🇦🇷 Gurjaras · Argentina
1072
-17
🇦🇷 Vietnamese · Argentina
1039
-16
🇦🇷 Jurchens · Argentina
982
-13
Sarcoptes scabiei
9:51 Feudal Age
10:06 Loom
17:16 Castle Age
20:03 Double-Bit Axe
20:05 Horse Collar
22:52 Gold Mining
26:13 Scale Mail Armor
29:03 Wheelbarrow
30:13 Padded Archer Armor
30:22 Scale Barding Armor
32:28 Hand Cart
32:49 Heavy Plow
33:01 Bow Saw
33:30 Gold Shaft Mining
32:45 Stone Mining
33:30 Leather Archer Armor
38:41 Imperial Age
40:02 Ring Archer Armor
42:33 Loom
43:07 Thunderclap Bombs
43:23 Chain Barding Armor
43:14 Forging
43:23 Chain Mail Armor
44:35 Heavy Rocket Cart
46:21 Ballistics
47:18 Siege Engineers
48:14 Chemistry
PWLG | Fabro
9:43 Feudal Age
8:04 Loom
10:47 Feudal Age
16:16 Castle Age
14:32 Double-Bit Axe
17:58 Bloodlines
17:51 Husbandry
21:49 Gold Mining
21:48 Horse Collar
25:58 Scale Barding Armor
26:04 Forging
29:45 Chain Barding Armor
30:20 Wheelbarrow
29:31 Town Watch
33:17 Stone Mining
33:29 Elite Skirmisher
36:01 Gold Shaft Mining
36:22 Thumb Ring
36:53 Fletching
37:03 Padded Archer Armor
40:42 Bodkin Arrow
43:00 Leather Archer Armor
44:19 Stone Shaft Mining
MTP | Fenix
6:43 Loom
9:48 Feudal Age
10:15 Double-Bit Axe
15:26 Horse Collar
18:42 Castle Age
21:08 Squires
25:04 Imperial Age
24:36 Fletching
29:12 Wheelbarrow
28:24 Town Watch
31:34 Bodkin Arrow
32:55 Paper Money
34:38 Elite Rattan Archer
36:41 Padded Archer Armor
38:01 Ballistics
38:42 Chemistry
38:55 Bracer
40:39 Thumb Ring
41:36 Hand Cart
42:23 Leather Archer Armor
43:57 Ring Archer Armor
Canablitz7546
7:14 Loom
7:21 Loom
9:20 Feudal Age
10:01 Double-Bit Axe
21:53 Castle Age
20:16 Horse Collar
21:57 Bloodlines
22:24 Pikeman
23:33 Forging
23:47 Scale Mail Armor
23:58 Town Watch
25:40 Wheelbarrow
26:06 Fletching
26:46 Bodkin Arrow
28:06 Padded Archer Armor
28:07 Husbandry
28:59 Thumb Ring
31:34 Hand Cart
36:29 Imperial Age
35:07 Ballistics
37:10 Heavy Hei Guang Cavalry
42:43 Conscription
42:16 Light Cavalry
43:58 Bow Saw
43:50 Heavy Plow
45:59 Ming Guang Armor
47:22 Crop Rotation
47:14 Elite Tiger Cavalry
Miguel de Unamano
5:20 Loom
10:05 Feudal Age
12:40 Town Watch
15:07 Castle Age
14:33 Double-Bit Axe
16:26 Bow Saw
15:57 Horse Collar
25:46 Wheelbarrow
26:42 Scale Mail Armor
29:10 Forging
31:44 Hand Cart
32:41 Chain Mail Armor
33:01 Iron Casting
34:04 Squires
33:26 Pikeman
34:20 Anarchy
38:02 Imperial Age
38:06 Gold Mining
38:18 Heavy Plow
41:14 Blast Furnace
40:37 Conscription
40:01 Elite Huskarl
41:53 Perfusion
44:25 Fletching
EminenceShadow
5:21 Loom
9:53 Feudal Age
10:29 Double-Bit Axe
13:30 Wheelbarrow
18:37 Castle Age
16:32 Horse Collar
17:11 Stone Mining
18:00 Scale Barding Armor
18:57 Bloodlines
19:00 Forging
19:37 Husbandry
22:47 Gold Mining
24:33 Town Watch
28:33 Bow Saw
28:24 Heavy Plow
30:08 Fletching
30:18 Padded Archer Armor
33:29 Imperial Age
32:38 Bodkin Arrow
32:43 Padded Archer Armor
33:13 Thumb Ring
35:17 Conscription
35:54 Hand Cart
36:30 Ballistics
37:23 Parthian Tactics
38:34 Bracer
38:55 Heavy Cavalry Archer
43:23 Treadmill Crane
43:54 Masonry
43:57 Heavy Scorpion
47:43 Chain Barding Armor
47:59 Iron Casting
Connection lost

Rejoining the realm…

Still unreachable

The connection could not be restored.

Session expired

The server has moved on; the page needs a fresh start.